 Dungeon Crawl Stone Soup version 0.18.1-50-g88ac8fd (webtiles) character file.

65 Franakus the Conjurer (level 3, 0/19 HPs)
             Began as a Deep Elf Conjurer on Oct 26, 2016.
             Slain by Franakus's ghost (1 damage)
             ... on level 3 of the Dungeon.
             The game lasted 00:10:40 (668 turns).

Franakus the Conjurer (Deep Elf Conjurer)            Turns: 668, Time: 00:10:41

Health: 0/19       AC:  2    Str:  5    XL:     3   Next: 92%
Magic:  2/9        EV: 13    Int: 20    God:
Gold:   54         SH:  0    Dex: 15    Spells: 3 memorised, 2 levels left

rFire  . . .     SeeInvis .     e - +0 dagger
rCold  . . .     Gourm    .     a - +0 robe
rNeg   . . .     Faith    .     (no shield)
rPois  .         Spirit   .     (no helmet)
rElec  .         Dismiss  .     (no cloak)
rCorr  .         Reflect  .     (no gloves)
SustAt .         Harm     +     (no boots)
MR     .....                    h - amulet of harm
Stlth  ++........               (no ring)
                                (no ring)

@: not resistant to hostile enchantments, unstealthy
A: no striking features
a: no special abilities


You were on level 3 of the Dungeon.
You were not hungry.

You visited 1 branch of the dungeon, and saw 3 of its levels.

You collected 54 gold pieces.

Inventory:

Hand Weapons
 e - a +0 dagger (weapon)
Armour
 a - a +0 robe (worn)
Jewellery
 h - an amulet of harm (around neck)
Potions
 f - a potion of agility {unknown}
 g - 2 potions of lignification {unknown}
 i - a potion of heal wounds {unknown}
 j - a potion of invisibility {unknown}
Books
 b - a book of Conjurations

   Spells                             Type                      Level
   a - Magic Dart                     Conjuration                  1
   b - Searing Ray                    Conjuration                  2
   c - Dazzling Spray                 Conjuration/Hexes            3
   d - Fulminant Prism                Conjuration/Hexes            4
   e - Iskenderun's Mystic Blast      Conjuration                  4
   f - Iskenderun's Battlesphere      Conjuration/Charms           5
Comestibles
 c - a bread ration
 d - 2 meat rations


   Skills:
 + Level 0.2 Fighting
 + Level 2.9 Dodging
 + Level 2.7 Stealth
 + Level 3.1 Spellcasting
 + Level 5.6 Conjurations


You had 2 spell levels left.
You knew the following spells:

 Your Spells              Type           Power        Failure   Level  Hunger
a - Magic Dart            Conj           ####         1%          1    None
b - Searing Ray           Conj           ####..       2%          2    ##.....
c - Dazzling Spray        Conj/Hex       ##....       14%         3    ###....


Dungeon Overview and Level Annotations

Branches:
Dungeon (3/15)

Altars:
Trog

Annotations:
D:3 Franakus's ghost, amateur DECj


Message History

There is a stone staircase leading up here.
Franakus's ghost (amateur Deep Elf Conjurer) comes into view.
It is wielding a weapon of freezing.
Casting: Magic Dart
Confirm with . or Enter, or press ? or * to list all spells.
Aiming: Searing Ray
Press: ? - help, Shift-Dir - straight line The searing ray hits Franakus's ghost.
Franakus's ghost is lightly damaged.
Franakus's ghost whispers, "Death is liberation."
The searing ray misses Franakus's ghost.
Franakus's ghost hits you.
* * * LOW HITPOINT WARNING * * *
Franakus's ghost freezes you.
* * * LOW HITPOINT WARNING * * *
The searing ray hits Franakus's ghost.
Franakus's ghost is severely damaged.
Franakus's ghost hits you.
* * * LOW HITPOINT WARNING * * *
Franakus's ghost freezes you.
You die...

## #. #.
#. #. #.
###.##.###
......W@.#
##.###.#.#
#.#.#
#.#.#
#.#.#
..#.#
###.# #.#
#####.#


You could see Franakus's ghost.

Vanquished Creatures
  An adder (D:2)
  3 oozes
  A worm (D:2)
  A dart slug (D:3)
  4 bats (D:2)
  A giant cockroach (D:1)
  7 goblins
  5 hobgoblins
  6 kobolds
  A ball python (D:2)
  A giant newt (D:2)
  6 rats
37 creatures vanquished.

Notes
Turn   | Place    | Note
--------------------------------------------------------------
     0 | D:1      | Franakus the Deep Elf Conjurer began the quest for the Orb.
     0 | D:1      | Reached XP level 1. HP: 10/10 MP: 6/6
    71 | D:1      | Reached XP level 2. HP: 10/15 MP: 0/8
    75 | D:1      | Learned a level 2 spell: Searing Ray
   159 | D:2      | Reached skill level 5 in Conjurations
   258 | D:2      | Reached XP level 3. HP: 19/19 MP: 3/9
   263 | D:2      | Learned a level 3 spell: Dazzling Spray
   532 | D:3      | Found a bloodstained altar of Trog.
   664 | D:3      | Noticed Franakus's ghost (amateur DECj)
   668 | D:3      | Slain by Franakus's ghost

Skill      XL: |  1  2 |
---------------+-------+-----
Conjurations   | 5 |  5.6
Fighting       | |  0.2
Dodging        | |  2.9
Stealth        | |  2.7
Spellcasting   | |  3.1

Action                   || total
-------------------------++-------
Melee: Dagger            ||    45
 Cast: Magic Dart        ||    33
       Searing Ray       ||     7
  Use: Scroll            ||     5
 Stab: Sleeping          ||     6
Armor: Robe              ||    11
Dodge: Dodged            ||    34
